 Dungeon Crawl Stone Soup version 0.28-a0-1080-g05a166d0ed (webtiles) character file.

Game seed: 10789402718789718407

205 ragingrage the Cudgeller (level 5, 0/30 HPs)
             Began as a Gargoyle Warper on Dec 9, 2021.
             Slain by a gnoll (10 damage)
             ... on level 5 of the Dungeon.
             The game lasted 00:04:05 (4892 turns).

ragingrage the Cudgeller (Gargoyle Warper)          Turns: 4892, Time: 00:04:06

Health: 0/30       AC: 12    Str: 15    XL:     5   Next: 83%
Magic:  8/8        EV: 12    Int: 13    God:
Gold:   65         SH:  0    Dex: 17    Spells: 5/8 levels left

rFire   . . .      SeeInvis .   r - +2 whip (distort)
rCold   + . .      Faith    .   (no shield)
rNeg    + . .      Spirit   .   s - +3 leather armour
rPois   ∞          Reflect  .   w - +2 hat
rElec   +          Harm     .   (no cloak)
rCorr   .          Rampage  .   (no gloves)
Will    .....                   (no boots)
Stlth   +.........              (no amulet)
HPRegen 0.10/turn               q - ring of protection from cold
MPRegen 0.11/turn               l - +6 ring of dexterity

@: about to teleport
A: sickness immunity, AC +4, negative energy resistance 1, electricity
resistance, torment resistance 1, petrification resistance
a: no special abilities


You were on level 5 of the Dungeon.
You visited 1 branch of the dungeon, and saw 6 of its levels.

You collected 186 gold pieces.
You spent 121 gold pieces at shops.

Inventory:

Hand Weapons
 r - a +2 whip of distortion (weapon)
Missiles
 a - a throwing net
 d - 4 boomerangs of dispersal
 p - 32 poisoned darts
 t - 4 boomerangs
 y - 5 javelins
Armour
 s - a +3 leather armour (worn)
 w - a +2 hat (worn)
Jewellery
 b - a ring of wizardry
 e - a ring of flight
 l - a +6 ring of dexterity (right hand)
 q - a ring of protection from cold (left hand)
 u - a ring of protection from fire
Wands
 x - a wand of paralysis (11)
Scrolls
 c - a scroll of blinking
 f - a scroll of enchant weapon {unknown}
 g - 5 scrolls of immolation
 i - 3 scrolls of noise {unknown}
 j - 5 scrolls of identify {unknown}
 v - a scroll of magic mapping {unknown}
 z - 2 scrolls of teleportation
 A - a scroll of fog
 B - a scroll of enchant armour {unknown}
Potions
 h - a potion of degeneration {unknown}
 k - a potion of flight {unknown}
 m - a potion of invisibility {unknown}
 n - a potion of haste {unknown}
 o - 2 potions of cancellation {unknown}


   Skills:
 - Level 2.1 Fighting
 * Level 5.9 Maces & Flails
 - Level 0.8 Throwing
 - Level 1.1 Armour
 - Level 1.5 Dodging
 - Level 2.0 Spellcasting
 - Level 2.6 Translocations


You had 5 spell levels left.
You knew the following spells:

 Your Spells              Type           Power      Damage    Failure   Level
a - Blink                 Tloc           16%        N/A       16%         2
b - Sting                 Tmut/Pois      4%         1d3       30%         1

Your spell library contained the following spells:

 Spells                   Type           Power      Damage    Failure   Level
 Gell's Gravitas          Tloc           8%         N/A       30%         3
 Lesser Beckoning         Tloc           8%         N/A       30%         3
 Teleport Other           Tloc           8%         N/A       30%         3
 Poisonous Vapours        Pois/Air       2%         N/A       43%         2
 Manifold Assault         Tloc           8%         N/A       96%         5
 Olgreb's Toxic Radiance  Pois           1%         N/A       97%         4


Dungeon Overview and Level Annotations

Branches:
Dungeon (6/15)
 Temple: D:4-7

Altars:

Shops:
D:3 *   D:4 [

Annotations:
D:5 Grinder
D:6 Menkaure


Innate Abilities, Weirdness & Mutations

You are immune to sickness and miasma.
Your stone body is resilient. (AC +4)
You are immune to poison.
You resist negative energy. (rN+)
You are resistant to electric shocks. (rElec)
You are resistant to unholy torment.
You are immune to petrification.


Message History

The hound bites you but does no damage. The hound barely misses you.
The hound bites you. The hound closely misses you.
You hit the hound but do no damage. The hound bites you but does no damage.
You miss the hound. The hound bites you.
You hit the hound.
Space warps around the hound.
The hound is lightly wounded.
The hound bites you.
You barely miss the hound.
The hound is lightly wounded.
The hound closely misses you.
You barely miss the hound.
The hound is lightly wounded.
The hound barely misses you. The hound bites you. The hound barely misses you.
The hound barely misses you.
You closely miss the hound. The hound misses you.
You hit the hound.
The hound is lightly wounded.
The hound blinks!
The hound barely misses you.
You hit the hound but do no damage.
The hound is lightly wounded.
The hound barely misses you. The gnoll hits you but does no damage.
You hit the hound.
The hound is heavily wounded.
The hound closely misses you. The hound misses you.
As you read the scroll of teleportation, it crumbles to dust.
You feel strangely unstable. The gnoll barely misses you.
The hound barely misses you. The gnoll barely misses you.
You hit the gnoll.
The gnoll is heavily wounded.
The hound barely misses you.
The gnoll hits you from afar with a +0 halberd.
* * * LOW HITPOINT WARNING * * *
You hit the gnoll but do no damage.
The gnoll is heavily wounded.
The gnoll blinks!
The hound bites you but does no damage.
The gnoll hits you from afar with a +0 halberd!
You die...

#..#.....#.#.......#.
#..#.#.###.##......#.
#.og.......###......
##.#.#.### #g#...
#h###.# #...#.#
#g###.###..
#hh@§...g.#
###########


You could see a black bear, a hound and 2 gnolls.

Vanquished Creatures
  A black bear (D:4)
  2 adders (D:4)
  An ufetubus (D:4)
  2 worms (D:3)
  3 dart slugs
  5 orcs
  4 endoplasms (D:1)
  5 giant cockroaches
  10 goblins
  5 hobgoblins
  6 kobolds
  6 quokkas
  7 ball pythons
  5 bats
  3 frilled lizards
  8 rats
73 creatures vanquished.

Notes
Turn   | Place    | Note
-------+----------+-------------------------------------------
     0 | D:1      | ragingrage the Gargoyle Warper began the quest for the Orb.
     0 | D:1      | Reached XP level 1. HP: 12/12 MP: 3/3
   277 | D:1      | Reached XP level 2. HP: 14/17 MP: 5/5
   532 | D:1      | Reached skill level 3 in Maces & Flails
  1210 | D:1      | Reached XP level 3. HP: 21/21 MP: 6/6
  1229 | D:1      | Found a faded altar of an unknown god.
  1295 | D:1      | HP: 1/21 [frozen (2)]
  2362 | D:2      | Learned a level 2 spell: Blink
  2442 | D:2      | Reached skill level 4 in Maces & Flails
  2760 | D:2      | Reached XP level 4. HP: 26/26 MP: 7/7
  3176 | D:3      | Found Goniluobu's General Store.
  3861 | D:3      | Learned a level 1 spell: Sting
  3888 | D:4      | Noticed a black bear
  3898 | D:4      | Killed a black bear
  3899 | D:4      | Reached skill level 5 in Maces & Flails
  3899 | D:4      | Reached XP level 5. HP: 15/30 MP: 4/8
  4301 | D:3      | Bought 3 scrolls of teleportation for 99 gold pieces
  4301 | D:3      | Bought a scroll of fog for 22 gold pieces
  4413 | D:4      | Found Xeashoim's Antique Armour Shop.
  4808 | D:5      | Entered Level 5 of the Dungeon
  4827 | D:5      | Noticed a black bear
  4828 | D:5      | Noticed Grinder
  4832 | D:5      | Noticed an ogre
  4844 | D:6      | Noticed Menkaure
  4892 | D:5      | Slain by a gnoll

Illustrated notes

Levels and vault maps discovered:
D:1:      dpeg_arrival_subterranean_lakeside_camping, layout_basic,
          hellmonk_ecumenical_altar_blasted
D:2:      layout_loops_ring
D:3:      layout_loops_ring, serial_shops, nicolae_diamond_shop
D:4:      layout_loops_ring, serial_shops, shop
D:5:      layout_cave_pools, minmay_misc_feat_roman, uniq_duvessa, uniq_grinder,
          uniq_edmund
D:6:      layout_cave_pools, uniq_sigmund, uniq_menkaure

Skill      XL: |  1  2  3  4 |
---------------+-------------+-----
Maces & Flails | 3 4 5 |  5.9
Fighting       | |  2.1
Throwing       | |  0.8
Armour         | |  1.1
Dodging        | |  1.5
Spellcasting   | |  2.0
Translocations | |  2.6

Action                   |  1- 3 |  4- 6 || total
-------------------------+-------+-------++-------
Melee: Mace              |   173 |       ||   173
       Whip              |     2 |    77 ||    79
Throw: Dart              |     2 |       ||     2
       Boomerang         |     1 |       ||     1
 Cast: Sting             |       |     2 ||     2
  Use: Scroll            |       |     1 ||     1
Armor: Leather armour    |    95 |    48 ||   143
Dodge: Dodged            |   114 |    63 ||   177

Table legend: (Time is in decaauts)
 A = Elapsed time spent in this place.
 B = Non-inter-level travel time spent in this place.
 C = Inter-level travel time spent in this place.
 D = Time resting spent in this place.
 E = Time spent auto-exploring this place.
 F = Levels seen in this place.
 G = Mean time per level.
                   A        B        C        D        E       F      G
               +--------+--------+--------+--------+--------+-----+--------+
         Total |   4923 |   4598 |    325 |    691 |   3190 |   6 |  820.5 |
       Dungeon |   4923 |   4598 |    325 |    691 |   3190 |   6 |  820.5 |
               +--------+--------+--------+--------+--------+-----+--------+

Top non-repeatable levels by time:
     D:1: 2266 daAuts
     D:3: 974 daAuts
     D:2: 853 daAuts
     D:4: 748 daAuts
     D:5: 77 daAuts
     D:6: 3 daAuts
